 Dungeon Crawl Stone Soup version 0.30-a0-939-gc8157cb160 (webtiles) character file.

Game seed: 5603732069607921531

23494 omnomnOMINOUS the Carver (level 13, -11/88 HPs)
             Began as an Octopode Wanderer on Mar 25, 2023.
             Was a Priest of the Shining One.
             Mangled by a red devil
             ... wielding a +0 trident
             ... summoned by an orc sorcerer
             ... led by an orc warlord
              (18 damage)
             ... on level 2 of the Orcish Mines on Mar 26, 2023.
             The game lasted 00:46:22 (14055 turns).

omnomnOMINOUS the Carver (Octopode Wanderer)       Turns: 14055, Time: 00:46:22

Health: -11/88     AC:  1    Str: 10      XL:     13   Next: 7%
Magic:  16/16      EV: 20    Int: 26 (27) God:    the Shining One [***...]
Gold:   64         SH:  6    Dex: 11      Spells: 10/16 levels left

rFire   . . .      SeeInvis .    a - +5 long sword (protect)
rCold   + . .      Faith    .    t - +1 buckler
rNeg    + . .      Spirit   .    (helmet restricted)
rPois   .          Reflect  .    q - amulet of the acrobat
rElec   .          Rampage  .    m - +6 ring of intelligence
rCorr   .                        w - +5 ring of evasion
Will    .....                    B - ring of protection from cold
Stlth   +                        s - ring of flight
HPRegen 0.34/turn                (no ring)
MPRegen 0.15/turn                (no ring)
                                 (no ring)
                                 (no ring)

@: attractive, flying, glowing, invisible (but backlit and visible)
A: almost no armour, amphibious, 8 rings, camouflage 1, gelatinous body 1,
(nimble swimmer 1), tentacles
a: Renounce Religion, Divine Shield, Cleansing Flame


You were on level 2 of the Orcish Mines.
You worshipped the Shining One.
The Shining One was most pleased with you.
You visited 3 branches of the dungeon, and saw 13 of its levels.
You also visited: Ossuary.

You collected 614 gold pieces.
You spent 550 gold pieces at shops.

Inventory:

Hand Weapons
 a - a +5 long sword of protection (weapon)
 b - a +4 scimitar
 c - a +1 long sword of electrocution
 d - a +2 dagger of venom
 g - a +4 great sword
Missiles
 v - 17 poisoned darts
 x - 3 throwing nets
 M - 3 curare-tipped darts
Armour
 t - a +1 buckler (worn)
Jewellery
 m - a +6 ring of intelligence (left tentacle)
 q - an amulet of the acrobat (around mantle)
 s - a ring of flight (on tentacle)
 w - a +5 ring of evasion (right tentacle)
 B - a ring of protection from cold (on tentacle)
Wands
 n - a wand of acid (12)
 z - a wand of digging (13)
Scrolls
 f - 2 scrolls of vulnerability
 k - a scroll of enchant armour
 r - a scroll of fog
 J - 2 scrolls of silence
Potions
 h - 2 potions of ambrosia
 j - 12 potions of curing
 l - a potion of haste {unknown}
 o - 5 potions of flight
 p - a potion of resistance {unknown}
 u - 2 potions of might
 A - 2 potions of brilliance
 D - 2 potions of cancellation
 E - a potion of berserk rage
 F - 5 potions of mutation
 O - 2 potions of lignification
Miscellaneous
 N - a phial of floods (inert)


   Skills:
 + Level 8.1 Fighting
 * Level 12.2 Long Blades
 + Level 8.0 Dodging
 - Level 2.6 Stealth
 - Level 5.0 Shields
 - Level 2.0 Spellcasting
 + Level 7.9 Conjurations
 - Level 5.0 Fire Magic
 + Level 6.5 Earth Magic
 - Level 4.3 Evocations


You had 10 spell levels left.
You knew the following spells:

 Your Spells              Type           Power      Damage    Failure   Level
a - Foxfire               Conj/Fire      100%       2x1d9     1%          1
b - Blink                 Tloc           4%         N/A       21%         2
c - Stone Arrow           Conj/Erth      80%        3d12      1%          3

Your spell library contained the following spells:

 Spells                   Type           Power      Damage    Failure   Level
 Momentum Strike          Conj/Tloc      46%        3d9       4%          2
 Dazzling Flash           Conj/Hex       46%        N/A       8%          3
 Hailstorm                Conj/Ice       23%        3d7       8%          3
 Freeze                   Ice            8%         1d3       13%         1
 Lesser Beckoning         Tloc           4%         N/A       21%         2
 Ignite Poison            Fire/Tmut/Pois 11%        N/A       21%         3
 Frozen Ramparts          Ice            4%         1d1       36%         3
 Agony                    Necr           2%         N/A       98%         5
 Silence                  Hex/Air        1%         N/A       98%         5
 Lehudib's Crystal Spear  Conj/Erth      20%        10d6      100%        8
 Animate Armour           Summ/Erth      Unusable   N/A       N/A         4

Dungeon Overview and Level Annotations

Branches:
Dungeon (10/15)            Temple (0/1) D:6            Lair (1/5) D:10
    Orc (1/2) D:10        Ossuary (visited)

Altars:
Dithmenos
Elyvilon
Fedhas
Gozag
Makhleb
Nemelex Xobeh
Okawaru
Qazlal
Trog
Wu Jian
Xom
Zin
The Shining One

Shops:
D:8 !*   D:9 :

Annotations:
Orc:2 Nessos


Innate Abilities, Weirdness & Mutations

You cannot wear most types of armour.
You are amphibious.
You can wear up to eight rings at the same time.
Your skin changes colour to match your surroundings (Stealth+).
Your rubbery body absorbs attacks. (AC +1, EV +1)
((You are camouflaged when in or above water. (Stealth+)))
You have tentacles for arms and can constrict up to eight enemies at once.


Message History

The orc is attracted toward you. x2
The orc high priest is attracted toward you.
The orc is attracted toward you.
Okay, then.
Unknown command.
You feel much better.
Nessos is engulfed in poison gas.
Nessos looks as sick as possible!
The warg bites you. The warg barely misses you. The warg bites you!!
* * * LOW HITPOINT WARNING * * *
You block the warg's attack.
The orc warrior is engulfed in poison gas.
The orc warrior is poisoned.
The orc is poisoned.
The orc warrior is engulfed in poison gas.
The orc warrior is poisoned.
The orc warrior is engulfed in poison gas.
The orc warrior is poisoned.
The orc warrior completely misses you.
The orc knight is engulfed in poison gas.
The orc knight is poisoned.
The orc knight roars a battlecry!
The orcs go into a battle-frenzy!
The orc is engulfed in poison gas.
The orc is poisoned.
The orc warrior is engulfed in poison gas.
The orc warrior is poisoned.
The orc warrior is engulfed in poison gas.
The orc warrior is poisoned.
An orc priest comes into view. It is wielding a +0 flail.
The orc is engulfed in poison gas.
The orc is poisoned.
The orc is engulfed in poison gas.
The orc is poisoned.
The orc is engulfed in poison gas.
The orc is poisoned.
The orc priest is engulfed in poison gas.
The orc priest is poisoned.
The orc warrior is poisoned.
The ettin is engulfed in poison gas.
The ettin looks as sick as possible!
The ettin hits you with a +0 dire flail.
* * * LOW HITPOINT WARNING * * *
The ettin completely misses you.
The orange demon is engulfed in poison gas.
The orange demon looks as sick as possible!
The orange demon misses you. The orange demon completely misses you.
The red devil hits you from afar with a +0 trident!!
You die...

## ## #
##§##§## §#.
§§§§§§ ###
§§o§##§☼§☼ §§§#
§§§o§☼§§§#o§§§§
#☼§oooo§§4oo§§o
§§☼§ooC@4ocoo§#
#§#§☼oohh3o§§.#
#§§☼§oo☼h☼§§§.
§§§§☼oo☼§o.§§§.
§§.☼§o§§☼☼§☼☼☼§
☼#☼☼§§☼☼§§☼§§§§
##§o§§§§☼§§#§§
######☼§☼####


You could see an orc warlord (strong, very poisoned), Nessos (extremely
poisoned), an orc knight (strong, poisoned), an ettin (extremely poisoned), an
orc high priest (strong), an orange demon (summoned, extremely poisoned), a
neqoxec (summoned), 3 wargs, an orc sorcerer (strong), a red devil (summoned), 9
orc warriors, 2 orc priests and 9 orcs.

Vanquished Creatures
  Snorg (D:10)
  2 two-headed ogres
  Urug (D:10)
  A komodo dragon (D:10)
  2 trolls (D:9)
  Sigmund (D:3)
  4 shadows
  A wraith (D:10)
  A centaur simulacrum (D:10)
  3 wyverns
  15 yaks
  3 basilisks
  3 steam dragons
  7 water moccasins
  An ice beast (D:7)
  A sky beast (D:8)
  3 black bears
  10 orc warriors
  5 wolves
  5 centaurs
  A phantom (D:7)
  4 kobold brigands
  4 bullfrogs
  2 gnoll sergeants
  14 scorpions
  5 wights (D:8)
  A killer bee (D:10)
  11 howler monkeys
  2 centaur zombies (Ossuary)
  9 orc priests
  A gnoll bouda (D:8)
  2 hounds
  3 sleepcaps (D:7)
  3 iguanas
  4 scorpion zombies (Ossuary)
  8 orc wizards
  3 mummies (Ossuary)
  3 gnolls (D:10)
  3 adders
  A shadow imp (D:7)
  2 ufetubi (D:7)
  6 worms
  2 dart slugs
  36 orcs
  7 endoplasms
  2 giant cockroaches (D:2)
  6 goblins
  5 hobgoblins
  11 jackals
  17 kobolds
  A quokka (D:2)
  6 ball pythons
  5 bats
  3 frilled lizards (D:3)
  4 gnoll zombies (Ossuary)
  3 goblin zombies
  A hobgoblin zombie (Ossuary)
  3 kobold zombies (Ossuary)
  An orc zombie (Ossuary)
  A quokka zombie (D:4)
  8 rats
284 creatures vanquished.

Vanquished Creatures (others)
  A wyvern (D:10)
  A kobold (D:8)
  A bush (D:10)
  134 foxfires
  4 fungi
  19 plants (D:10)
160 creatures vanquished.

Grand Total: 444 creatures vanquished

Notes
Turn   | Place    | Note
-------+----------+-------------------------------------------
     0 | D:1      | omnomnOMINOUS the Octopode Wanderer began the quest for the
                  | Orb.
     0 | D:1      | omnomnOMINOUS set off with the following items: a +0
                  | dagger, a +0 buckler, a potion of lignification, a phial of
                  | floods; and the following spell memorised: Foxfire; and the
                  | following spells available to memorise: Ignite Poison.
     0 | D:1      | Reached XP level 1. HP: 11/11 MP: 3/3
   157 | D:1      | Reached XP level 2. HP: 18/18 MP: 0/5
   701 | D:2      | Reached XP level 3. HP: 13/22 MP: 6/6
   703 | D:2      | Reached skill level 1 in Fighting
   703 | D:2      | Reached skill level 1 in Dodging
   712 | D:2      | Reached skill level 1 in Conjurations
   784 | D:2      | Learned a level 2 spell: Blink
  1304 | D:3      | Reached XP level 4. HP: 13/28 MP: 7/7
  1697 | D:3      | Noticed Sigmund
  1721 | D:3      | Killed Sigmund
  1722 | D:3      | Reached XP level 5. HP: 25/34 MP: 3/8
  1722 | D:3      | Reached XP level 6. HP: 29/39 MP: 3/9
  2368 | D:4      | Found a sand-covered staircase.
  2397 | Ossuary  | Entered an ossuary
  2613 | Ossuary  | Reached XP level 7. HP: 37/45 MP: 10/10
  3006 | Ossuary  | Reached XP level 8. HP: 49/53 MP: 9/11
  3433 | D:4      | Found a glowing golden altar of the Shining One.
  3435 | D:4      | Found a shadowy altar of Dithmenos.
  3469 | D:4      | Became a worshipper of the Shining One
  3778 | D:5      | Entered Level 5 of the Dungeon
  4007 | D:4      | Learned a level 3 spell: Stone Arrow
  4701 | D:6      | Reached skill level 1 in Earth Magic
  4917 | D:6      | Reached XP level 9. HP: 59/59 MP: 8/12
  5085 | D:6      | Found an iron altar of Okawaru.
  5243 | D:6      | Reached skill level 5 in Shields
  5288 | D:6      | Reached skill level 5 in Fire Magic
  5502 | D:6      | Found a glowing silver altar of Zin.
  5733 | D:6      | Found a staircase to the Ecumenical Temple.
  5790 | D:6      | Found an opulent altar of Gozag.
  5938 | D:7      | Found a shimmering altar of Xom.
  5938 | D:7      | Found a burning altar of Makhleb.
  5943 | D:7      | Found a blossoming altar of Fedhas.
  5946 | D:7      | Found a stormy altar of Qazlal.
  5948 | D:7      | Found a white marble altar of Elyvilon.
  5953 | D:7      | Found a bloodstained altar of Trog.
  5964 | D:7      | Reached skill level 1 in Long Blades
  5964 | D:7      | Reached skill level 5 in Dodging
  6085 | D:7      | Found an ornate altar of the Wu Jian Council.
  6199 | D:7      | Reached skill level 5 in Fighting
  6568 | D:7      | Reached skill level 5 in Conjurations
  6670 | D:7      | Reached skill level 2 in Long Blades
  7193 | D:7      | Reached skill level 3 in Long Blades
  7195 | D:7      | HP: 1/61 [yak (11)]
  7541 | D:7      | Reached * piety under the Shining One
  7854 | D:7      | Reached skill level 4 in Long Blades
  7902 | D:7      | Reached XP level 10. HP: 61/68 MP: 13/13
  7944 | D:7      | Found an ornate altar of the Wu Jian Council.
  8366 | D:7      | Found a shimmering altar of Xom.
  8366 | D:7      | Found a burning altar of Makhleb.
  8371 | D:7      | Found a blossoming altar of Fedhas.
  8374 | D:7      | Found a stormy altar of Qazlal.
  8378 | D:7      | Found a white marble altar of Elyvilon.
  8381 | D:7      | Found a bloodstained altar of Trog.
  8932 | D:8      | Found Akoot's General Store.
  9087 | D:8      | Reached skill level 5 in Long Blades
  9866 | D:8      | Found Syuhech's Distillery.
  9874 | D:8      | Bought a potion of heal wounds for 50 gold pieces
 10480 | D:8      | Noticed a two-headed ogre
 10480 | D:8      | Reached ** piety under the Shining One
 10494 | D:8      | Killed a two-headed ogre
 10495 | D:8      | Reached skill level 6 in Long Blades
 11143 | D:9      | Found Ockum's Self-Improvement Boutique.
 11173 | D:9      | Reached XP level 11. HP: 60/74 MP: 12/14
 11190 | D:9      | Reached skill level 5 in Earth Magic
 11381 | D:9      | Reached skill level 7 in Long Blades
 11613 | D:10     | Entered Level 10 of the Dungeon
 11671 | D:10     | Noticed Snorg
 11678 | D:10     | Found a staircase to the Lair.
 11682 | D:10     | Noticed Urug
 12165 | D:10     | HP: 1/75 [Snorg (20)]
 12172 | D:10     | Killed Snorg
 12173 | D:10     | Reached skill level 8 in Long Blades
 12376 | D:10     | Killed Urug
 12681 | D:10     | Noticed a two-headed ogre
 12690 | D:10     | Killed a two-headed ogre
 13192 | D:10     | Reached XP level 12. HP: 69/82 MP: 3/15
 13382 | D:10     | Found a sparkling altar of Nemelex Xobeh.
 13555 | D:8      | Bought a potion of experience for 500 gold pieces
 13555 | D:8      | Reached skill level 12 in Long Blades
 13555 | D:8      | Reached XP level 13. HP: 88/88 MP: 16/16
 13739 | D:10     | Found a staircase to the Orcish Mines.
 13798 | Lair:1   | Entered Level 1 of the Lair of Beasts
 13825 | Lair:1   | Reached *** piety under the Shining One
 14048 | Orc:1    | Entered Level 1 of the Orcish Mines
 14048 | Orc:1    | You are sucked into a shaft and drop 1 floor!
 14048 | Orc:2    | Entered Level 2 of the Orcish Mines
 14048 | Orc:2    | Noticed Nessos
 14048 | Orc:2    | Noticed an ettin
 14048 | Orc:2    | Noticed an orc warlord
 14055 | Orc:2    | Mangled by a red devil

Illustrated notes

Levels and vault maps discovered:
D:1:      dpeg_arrival_arbitrary_c, layout_rooms
D:2:      layout_rooms, corexii_hall_statues_l
D:3:      minmay_skewed_foursquare, layout_basic, st_stairs_7, uniq_sigmund
D:4:      layout_basic, jmf_multi_god_temple, enter_ossuary_4
D:5:      layout_cave_pools, minivault_24
D:6:      layout_layer_cave, pdpol_temple_overflow_zin_treasury_gozag_greed,
          kennysheep_little_box, temple_doors_e
D:7:      layout_gridville, nicolae_wu_jian_wuxing_cycle,
          nicolae_overflow_hallway_of_the_gods, grunt_ministairs_7
D:8:      layout_basic, serial_shops, shop, shop, nzn_random_ring
D:9:      layout_basic, nicolae_shop_self_help
D:10:     layout_long_grid, nemelex_spade_bored_becter, minmay_lair_entry_grove,
          david_orc_4, enter_bailey_4, st_stairs_7, uniq_snorg, uniq_urug
Lair:1:   layout_cave_pods, chequers_serial_rivers_small_a,
          chequers_serial_rivers_micro_d, dreamdust_gnoll_shepherd
Orc:1:    layout_caves, library_closet
Orc:2:    st_orc_pillars, layout_diamond_mine, uniq_rupert, uniq_nessos,
          uniq_maurice

Skill      XL: |  1  2  3  4  5  6  7  8  9 10 11 12 |
---------------+-------------------------------------+-----
Fighting       | 1 2 3 4 5 6 8 |  8.1
Dodging        | 1 2 3 4 5 6 7 8 |  8.0
Conjurations   | 1 2 3 4 5 6 7 |  7.9
Shields        | 2 3 4 5 |  5.0
Fire Magic     | 2 3 4 5 |  5.0
Earth Magic    | 1 3 4 6 |  6.5
Long Blades    | 4 6 8 12 | 12.2
Stealth        | |  2.6
Spellcasting   | |  2.0
Evocations     | |  4.3

Action                     |  1- 3 |  4- 6 |  7- 9 | 10-12 | 13-15 || total
---------------------------+-------+-------+-------+-------+-------++-------
  Melee: Dagger            |    69 |    26 |    10 |       |       ||   105
         Constrict         |    17 |    14 |    43 |    55 |     3 ||   132
         Tentacles         |    11 |    17 |    56 |    73 |     7 ||   164
         Short sword       |     5 |       |       |       |       ||     5
         Long sword        |       |    38 |   186 |   250 |    17 ||   491
         Punch             |       |       |     6 |     3 |     1 ||    10
   Cast: Foxfire           |    11 |    13 |    45 |     8 |       ||    77
         Stone Arrow       |       |       |    19 |   106 |       ||   125
         Blink             |       |       |     3 |     1 |       ||     4
  Evoke: Wand              |       |       |     1 |     6 |     2 ||     9
         Phial of floods   |       |       |     1 |     1 |       ||     2
    Use: Potion            |       |       |     3 |     9 |     3 ||    15
         Scroll            |       |       |     8 |    12 |     2 ||    22
   Stab: Sleeping          |     7 |     4 |     1 |       |       ||    12
         Distracted        |       |       |     1 |       |       ||     1
 Armour: Skin              |     2 |     4 |    28 |     8 |       ||    42
  Dodge: Dodged            |    37 |    51 |   202 |   253 |    24 ||   567
  Block: Buckler           |    10 |    13 |    58 |    75 |     5 ||   161

Table legend: (Time is in decaauts)
 A = Elapsed time spent in this place.
 B = Non-inter-level travel time spent in this place.
 C = Inter-level travel time spent in this place.
 D = Time resting spent in this place.
 E = Time spent auto-exploring this place.
 F = Levels seen in this place.
 G = Mean time per level.
                   A        B        C        D        E       F      G
               +--------+--------+--------+--------+--------+-----+--------+
         Total |  14182 |  13608 |    574 |   3748 |   7005 |  14 | 1013.0 |
       Dungeon |  13099 |  12571 |    528 |   3448 |   6668 |  10 | 1309.9 |
          Lair |    195 |    149 |     46 |      0 |     78 |   1 |  195.0 |
  Orcish Mines |      6 |      6 |      0 |      0 |      0 |   2 |    3.0 |
       Ossuary |    880 |    880 |      0 |    300 |    259 |   1 |  880.0 |
               +--------+--------+--------+--------+--------+-----+--------+

Top non-repeatable levels by time:
     D:7: 2854 daAuts
     D:8: 2186 daAuts
    D:10: 1794 daAuts
     D:6: 1236 daAuts
     D:9: 1194 daAuts
     D:4: 1052 daAuts
     D:3: 1050 daAuts
 Ossuary: 880 daAuts
     D:1: 640 daAuts
     D:5: 633 daAuts
     D:2: 456 daAuts
  Lair:1: 195 daAuts
   Orc:2: 6 daAuts
